[Event "Titled Tuesday Blitz February 15 Late 2022"]
[White "Kozin, Yuri"]
[Black "Riehle, Marco"]
[WhiteFideId "4129920"]
[BlackFideId "12904392"]
[WhiteElo "2525"]
[BlackElo "2462"]
[Result "1/2-1/2"]
[Round "04"]
[TimeControl "180+1"]
[Date "2022.02.16"]
[WhiteClock "0:00:21"]
[BlackClock "0:00:49"]

1. e4 e5 2. Nf3 Nf6 3. Nxe5 Nxe4 4. Nf3 d5 5. Nc3 Bd6 6. d3 Nxc3 7. bxc3 O-O 8. Be2 c6 9. O-O Re8 10. Bg5 Qc7 11. Bh4 Bg4 12. Bg3 Nd7 13. Nd4 Bxg3 14. hxg3 Bxe2 15. Nxe2 Re7 16. Nd4 Rae8 17. Qg4 Nf6 18. Qh4 Re5 19. Qf4 Qd7 20. Nf3 Re2 21. Rfe1 Rxc2 22. Rxe8+ Qxe8 23. Re1 Qd8 24. g4 h6 25. g5 hxg5 26. Qxg5 Rxc3 27. Nd4 Rxd3 28. Nf5 g6 29. Nh6+ Kg7 30. Nf5+ Kg8 31. Nh6+ Kg7 32. Nf5+ Kg8 1/2-1/2


[Site "https://www.chess.com"]

[Event "Titled Tuesday Blitz February 15 Late 2022"]
[White "Koziorowicz, Michal"]
[Black "Rustemov, Alexander"]
[WhiteFideId "21809194"]
[BlackFideId "4119002"]
[WhiteElo "2569"]
[BlackElo "2776"]
[Result "1/2-1/2"]
[Round "04"]
[TimeControl "180+1"]
[Date "2022.02.16"]
[WhiteClock "0:00:16"]
[BlackClock "0:00:04"]

1. e4 e6 2. d4 d5 3. Nd2 dxe4 4. Nxe4 Bd7 5. Bd3 Bc6 6. Nf3 Nd7 7. c3 Ngf6 8. Nxf6+ Nxf6 9. O-O Bxf3 10. Qxf3 Qd5 11. Qe2 Qh5 12. Qxh5 Nxh5 13. Bg5 Be7 14. Bxe7 Kxe7 15. Rae1 Nf6 16. f4 Kd6 17. f5 Rhe8 18. fxe6 Rxe6 19. Rxe6+ Kxe6 20. Bc4+ Ke7 21. Re1+ Kf8 22. Kf2 Rd8 23. Kf3 Ne8 24. Bd3 g6 25. h4 h5 26. g4 hxg4+ 27. Kxg4 Rd5 28. Be4 Nf6+ 29. Kf4 Rb5 30. b4 b6 31. Bf3 Rf5+ 32. Kg3 Ne8 33. Bg4 Rf6 34. c4 Nd6 35. c5 Nb5 36. d5 bxc5 37. bxc5 Nc3 38. Bf3 Ra6 39. d6 cxd6 40. c6 Nb5 41. Rb1 Rb6 42. a4 Nc7 43. Rd1 d5 44. Bxd5 Nxd5 45. Rxd5 Rxc6 46. Ra5 a6 47. h5 Kg7 48. hxg6 fxg6 49. Rd5 Rc4 50. Ra5 Rc6 51. Kf3 Re6 52. Kg3 Kf6 53. Kf3 Ke7 54. Rg5 Kd6 55. a5 Ke7 56. Rc5 Kf6 57. Kf4 Kg7 58. Kg5 Re7 59. Rd5 Rb7 60. Rc5 Kf7 61. Rd5 Ke6 62. Rd8 Rb5+ 63. Kxg6 Rxa5 64. Re8+ Kd5 65. Kf5 Kd4+ 66. Kf4 Rd5 67. Ra8 a5 68. Kf3 Re5 69. Kf4 Rh5 70. Kf3 Kc3 71. Ke2 Rd5 72. Ke1 Kb3 73. Ke2 a4 74. Rb8+ Kc3 75. Ra8 Rd4 76. Ke3 Rh4 77. Ke2 Kb2 78. Rb8+ Kc2 79. Rc8+ Kb2 80. Kd3 a3 81. Rb8+ Ka2 82. Kc2 Rh7 83. Rc8 Rb7 84. Kc1 Ka1 85. Rc6 Ra7 86. Kc2 Rh7 87. Kb3 Rh3+ 88. Kc2 Ka2 89. Kc1 Rh2 90. Rc7 Rb2 91. Rc6 Rb1+ 92. Kc2 Rb8 93. Rc7 Ka1 94. Rc6 Rh8 95. Kb3 Rh3+ 96. Kc2 Rh2+ 97. Kc1 Ka2 98. Rc2+ Rxc2+ 99. Kxc2 Ka1 100. Kc1 Ka2 101. Kc2 Ka1 102. Kc1 a2 103. Kc2 1/2-1/2


[Site "https://www.chess.com"]

[Event "Titled Tuesday Blitz February 15 Late 2022"]
[White "Lavrik, Dmitry"]
[Black "Bortnyk, Olexandr"]
[WhiteFideId "24113190"]
[BlackFideId "14120828"]
[WhiteElo "2369"]
[BlackElo "2723"]
[Result "1-0"]
[Round "04"]
[TimeControl "180+1"]
[Date "2022.02.15"]
[WhiteClock "0:00:12"]
[BlackClock "0:00:01"]

1. d4 Nf6 2. c4 b6 3. Nc3 Bb7 4. Qc2 d6 5. e4 e5 6. Nf3 Nbd7 7. Be2 Be7 8. O-O O-O 9. Re1 Re8 10. Bf1 a5 11. b3 exd4 12. Nxd4 Ng4 13. f3 Bf6 14. Nf5 Nge5 15. Bb2 Nc5 16. Rad1 Ng6 17. g3 Ne5 18. Bg2 Nc6 19. a3 Ne6 20. Nd5 Bxb2 21. Qxb2 Ne5 22. f4 Nd7 23. e5 Bxd5 24. cxd5 Nef8 25. exd6 Rxe1+ 26. Rxe1 f6 27. dxc7 Qxc7 28. Rc1 Qa7 29. d6 Rd8 30. Rc7 Qa6 31. Qd4 Qe2 32. h4 Kh8 33. Qd5 Ne6 34. Rc1 Ndc5 35. Bf3 Qb2 36. Re1 g6 37. Nh6 Kg7 38. Ng4 Qd4+ 39. Qxd4 Nxd4 40. Re7+ Kf8 41. Rxh7 Nxf3+ 42. Kf2 Rxd6 43. Kxf3 Rd3+ 44. Kg2 Rxb3 45. Nxf6 Rxa3 46. f5 gxf5 47. h5 Ne4 48. Nxe4 fxe4 49. h6 Kg8 50. Rg7+ Kh8 51. g4 Ra2+ 52. Kg3 Ra3+ 53. Kh4 Ra1 54. Kg5 Rc1 55. Re7 Rc5+ 56. Kg6 Rc6+ 57. Kh5 a4 58. g5 Rc5 59. Re8+ Kh7 60. Rxe4 b5 61. Re7+ Kg8 62. Ra7 Rd5 63. h7+ Kh8 64. Kh6 Rd8 65. g6 1-0


[Site "https://www.chess.com"]

[Event "Titled Tuesday Blitz February 15 Late 2022"]
[White "Le Goff, Ronan"]
[Black "Coelho, Ramyres Santana"]
[WhiteFideId "612073"]
[BlackFideId "2120690"]
[WhiteElo "2276"]
[BlackElo "1888"]
[Result "1-0"]
[Round "04"]
[TimeControl "180+1"]
[Date "2022.02.16"]
[WhiteClock "0:01:28"]
[BlackClock "0:00:10"]

1. Nf3 c5 2. b3 Nc6 3. Bb2 d6 4. e4 e5 5. Bc4 Be7 6. O-O Nf6 7. Re1 O-O 8. c3 h6 9. h3 a6 10. d4 b5 11. Bf1 Bb7 12. d5 Nb8 13. c4 b4 14. a3 a5 15. axb4 axb4 16. Rxa8 Bxa8 17. Nbd2 Nbd7 18. g3 Nh7 19. Nh2 Bf6 20. Qc2 Bb7 21. Bd3 Bc8 22. Ndf1 g6 23. Ne3 Bg7 24. Bf1 Kh8 25. Ra1 Ndf6 26. Ra8 Qc7 27. Bg2 Ng5 28. h4 Nh3+ 29. Kf1 Nh5 30. Nhg4 Bxg4 31. Rxf8+ Bxf8 32. Nxg4 f5 33. exf5 N3f4 34. gxf4 Nxf4 35. fxg6 Qd7 36. Bf3 h5 37. Qe4 hxg4 38. Qxf4 Bg7 39. Qxg4 Qd8 40. Be4 Qf6 41. Bf5 Kg8 42. Be6+ Kf8 43. Qf5 1-0


[Site "https://www.chess.com"]

[Event "Titled Tuesday Blitz February 15 Late 2022"]
[White "Levine, David"]
[Black "Batsiashvili, Nino"]
[WhiteFideId "2011611"]
[BlackFideId "13602993"]
[WhiteElo "2160"]
[BlackElo "2230"]
[Result "0-1"]
[Round "04"]
[TimeControl "180+1"]
[Date "2022.02.16"]
[WhiteClock "0:00:01"]
[BlackClock "0:00:40"]

1. d4 d5 2. c4 e6 3. g3 Nf6 4. Bg2 Be7 5. Nf3 O-O 6. O-O dxc4 7. Qc2 b5 8. a4 Bb7 9. axb5 a6 10. bxa6 Nxa6 11. Qxc4 Bd5 12. Qc3 c5 13. Bg5 h6 14. Bf4 c4 15. Nbd2 Nb4 16. Rxa8 Qxa8 17. Nxc4 Ne4 18. Qc1 Na2 19. Qe3 Bxc4 20. Nd2 Bd5 21. Bxe4 g5 22. Be5 f6 23. Bc7 Rc8 24. Bb6 Qc6 25. Bxd5 Qxd5 26. Ra1 Rb8 27. Bc5 Bxc5 28. dxc5 Rxb2 29. Nf3 Kg7 30. h3 Rc2 31. Kg2 Nc3 32. Ra7+ Kg6 0-1


[Site "https://www.chess.com"]

[Event "Titled Tuesday Blitz February 15 Late 2022"]
[White "Levine, Joseph"]
[Black "Tasev, Dejan"]
[WhiteFideId "30940346"]
[BlackFideId "936618"]
[WhiteElo "1802"]
[BlackElo "2253"]
[Result "0-1"]
[Round "04"]
[TimeControl "180+1"]
[Date "2022.02.16"]
[WhiteClock "0:00:43"]
[BlackClock "0:00:35"]

1. e4 c6 2. d3 d5 3. Nd2 g6 4. Ngf3 Bg4 5. Be2 Bxf3 6. Nxf3 Bg7 7. O-O e6 8. c3 Ne7 9. Bf4 Nd7 10. Qc1 h6 11. Bd6 O-O 12. c4 Re8 13. e5 c5 14. b4 cxb4 15. d4 dxc4 16. Qxc4 Nd5 17. Rfc1 N7b6 18. Qb3 Qd7 19. a4 Rec8 20. Bb5 Qd8 21. a5 Nd7 22. a6 bxa6 23. Bxa6 Rxc1+ 24. Rxc1 Qb6 25. Qa4 Nc3 26. Qxb4 Qxb4 27. Bxb4 Na2 28. Rc8+ Rxc8 29. Bxc8 Nb6 30. Bc5 Nxc8 0-1


[Site "https://www.chess.com"]

[Event "Titled Tuesday Blitz February 15 Late 2022"]
[White "Lin, Dachey"]
[Black "Degardin, Sylvain"]
[WhiteFideId "2029650"]
[BlackFideId "20623070"]
[WhiteElo "2722"]
[BlackElo "2521"]
[Result "1-0"]
[Round "04"]
[TimeControl "180+1"]
[Date "2022.02.16"]
[WhiteClock "0:00:11"]
[BlackClock "0:00:01"]

1. g4 e5 2. d4 exd4 3. Qxd4 Nc6 4. Qe4+ Be7 5. Nc3 Nf6 6. Qa4 d6 7. g5 Nd7 8. h4 Nc5 9. Qf4 Be6 10. Nf3 a5 11. Be3 a4 12. O-O-O Qb8 13. Nd5 Bxd5 14. Rxd5 Ne6 15. Qg4 a3 16. b3 Ra5 17. c4 b6 18. Bg2 Nb4 19. Rxa5 bxa5 20. Kb1 a4 21. Nd2 axb3 22. Nxb3 O-O 23. h5 f5 24. gxf6 Rxf6 25. Rg1 Bf8 26. Be4 h6 27. Qh4 Qd8 28. Bd5 Nxd5 29. cxd5 Nc5 30. Bd4 Be7 31. Qg4 Qf8 32. Nxc5 dxc5 33. Bxf6 Bxf6 34. Qe6+ Kh8 35. Kc2 c4 36. Rb1 Bb2 37. Rg1 Qxf2 38. Qe8+ Kh7 39. Qe4+ Kh8 40. Rg4 1-0


[Site "https://www.chess.com"]

[Event "Titled Tuesday Blitz February 15 Late 2022"]
[White "Lopez Idarraga, Daniel Eduardo"]
[Black "Araujo Filho, Luiz Antonio Coel"]
[WhiteFideId "4405501"]
[BlackFideId "2130661"]
[WhiteElo "1993"]
[BlackElo "2204"]
[Result "1-0"]
[Round "04"]
[TimeControl "180+1"]
[Date "2022.02.16"]
[WhiteClock "0:00:03"]
[BlackClock "0:00:03"]

1. d4 f5 2. Qd3 g6 3. h4 Bg7 4. h5 Nf6 5. h6 Bf8 6. Nc3 d5 7. Bg5 e6 8. O-O-O Be7 9. f3 Nbd7 10. Nh3 c6 11. Nf4 Nb6 12. Kb1 O-O 13. e4 dxe4 14. fxe4 fxe4 15. Nxe4 Nbd5 16. Nxg6 hxg6 17. Nxf6+ Bxf6 18. Qxg6+ Kh8 19. Bd3 Qe7 20. Rdf1 Bd7 21. Bxf6+ Nxf6 22. g4 Be8 23. Qg7+ Qxg7 24. hxg7+ Kxg7 25. g5 Nd5 26. Rh7+ Kg8 27. Rfh1 Rf5 28. Bxf5 exf5 29. Rxb7 Bf7 30. c4 Nf4 31. b3 Bg6 32. Rc7 Ne6 33. Rxc6 Kf7 34. Rd6 f4+ 35. Kb2 Nxg5 36. Rg1 Ne4 37. Rdxg6 f3 38. R6g4 Re8 39. Rf4+ 1-0


[Site "https://www.chess.com"]

[Event "Titled Tuesday Blitz February 15 Late 2022"]
[White "Lugovskoy, Maxim"]
[Black "Tang, Andrew"]
[WhiteFideId "24126454"]
[BlackFideId "2059630"]
[WhiteElo "2444"]
[BlackElo "2584"]
[Result "1-0"]
[Round "04"]
[TimeControl "180+1"]
[Date "2022.02.15"]
[WhiteClock "0:00:39"]
[BlackClock "0:00:01"]

1. e4 e5 2. Nf3 Nc6 3. Nc3 Nf6 4. d4 exd4 5. Nxd4 Bb4 6. Nxc6 bxc6 7. Bd3 O-O 8. O-O d5 9. exd5 cxd5 10. h3 c6 11. Qf3 Rb8 12. Bf4 Bd6 13. b3 Rb7 14. Rfe1 Re7 15. Rxe7 Qxe7 16. Bxd6 Qxd6 17. Re1 Bd7 18. Qg3 Qb4 19. Re5 g6 20. Bf1 Be6 21. Ne2 Qa3 22. Qf4 Nd7 23. Re3 c5 24. Qd6 Nb6 25. h4 Qxa2 26. Qxc5 Rc8 27. Qd4 Qxc2 28. h5 Qc5 29. Qh4 Nd7 30. Nd4 Re8 31. hxg6 hxg6 32. Nxe6 Rxe6 33. Rh3 Kf8 34. Qd8+ Kg7 35. Qh8# 1-0


[Site "https://www.chess.com"]

[Event "Titled Tuesday Blitz February 15 Late 2022"]
[White "Martinez Ramirez, Lennis"]
[Black "Lopez Gracia, Fernando"]
[WhiteFideId "3509079"]
[BlackFideId "2207184"]
[WhiteElo "2374"]
[BlackElo "2431"]
[Result "1-0"]
[Round "04"]
[TimeControl "180+1"]
[Date "2022.02.16"]
[WhiteClock "0:00:46"]
[BlackClock "0:00:46"]

1. d4 Nf6 2. Nc3 d5 3. Bg5 e6 4. e4 dxe4 5. Nxe4 Be7 6. Bxf6 Bxf6 7. Nf3 O-O 8. Bd3 Re8 9. Qe2 Nc6 10. O-O-O h6 11. Nxf6+ Qxf6 12. Qe4 g6 13. Ne5 Nxe5 14. dxe5 Qe7 15. h4 Bd7 16. h5 Bc6 17. Qe3 g5 18. f4 gxf4 19. Qxf4 Qg5 20. Qxg5+ hxg5 21. Rh3 Bxg2 22. Rg3 Bd5 23. c4 Bc6 24. h6 Kh8 25. Rxg5 Rg8 26. Rdg1 Rxg5 27. Rxg5 Rg8 28. Rxg8+ Kxg8 29. Kd2 Bf3 30. Ke3 Bh5 31. Kf4 Bg6 32. Bxg6 fxg6 33. Kg5 Kh7 34. c5 b5 35. c6 b4 36. a4 bxa3 37. bxa3 a6 38. a4 a5 39. Kf6 Kxh6 40. Kxe6 g5 41. Kd7 g4 42. e6 g3 43. e7 g2 44. e8=Q g1=Q 45. Qh8+ Kg6 46. Qg8+ 1-0


[Site "https://www.chess.com"]

[Event "Titled Tuesday Blitz February 15 Late 2022"]
[White "Matinian, Nikita"]
[Black "Krishnan, Varun"]
[WhiteFideId "24129100"]
[BlackFideId "5054508"]
[WhiteElo "2700"]
[BlackElo "2492"]
[Result "1-0"]
[Round "04"]
[TimeControl "180+1"]
[Date "2022.02.16"]
[WhiteClock "0:01:27"]
[BlackClock "0:00:19"]

1. e4 c5 2. Nc3 Nc6 3. Bb5 Nd4 4. Nf3 g6 5. O-O Bg7 6. Re1 e6 7. e5 Ne7 8. d3 O-O 9. Bg5 d6 10. exd6 Qxd6 11. Ne4 Qc7 12. Nxd4 cxd4 13. Nf6+ Kh8 14. Qf3 Qc5 15. Qh3 h5 16. Ne4 Qxb5 17. Bxe7 Rg8 18. Nf6 e5 19. Qh4 Qxb2 20. Nxh5 Bh6 21. Ng3 Kh7 22. Bg5 Rh8 23. Bxh6 f5 24. Qf6 Rg8 25. Qf7+ Kxh6 26. Qxg8 Kg5 27. Qd8+ Kf4 28. Qh4# 1-0


[Site "https://www.chess.com"]

[Event "Titled Tuesday Blitz February 15 Late 2022"]
[White "Michelakos, Panagiotis"]
[Black "Galchenko, Matvey"]
[WhiteFideId "4216067"]
[BlackFideId "24175480"]
[WhiteElo "2140"]
[BlackElo "2453"]
[Result "1-0"]
[Round "04"]
[TimeControl "180+1"]
[Date "2022.02.15"]
[WhiteClock "0:00:26"]
[BlackClock "0:00:24"]

1. d4 e6 2. c4 f5 3. Nc3 Nf6 4. Bg5 Bb4 5. Nf3 O-O 6. e3 b6 7. Qb3 a5 8. a3 Bxc3+ 9. Qxc3 a4 10. Bd3 Bb7 11. Nd2 h6 12. Bh4 g5 13. Bg3 Nh5 14. O-O-O f4 15. Bc2 Qf6 16. exf4 gxf4 17. Qd3 Rf7 18. d5 Na6 19. Ne4 Qg7 20. dxe6 dxe6 21. Bh4 Nc5 22. Nxc5 bxc5 23. Rhe1 Rb8 24. Rxe6 Nf6 25. Bxf6 Rxf6 26. Rxf6 Qxf6 27. Qh7+ Kf8 28. Qxc7 1-0


[Site "https://www.chess.com"]

[Event "Titled Tuesday Blitz February 15 Late 2022"]
[White "Milosevic, Milos"]
[Black "Zhigalko, Sergei"]
[WhiteFideId "964875"]
[BlackFideId "13502956"]
[WhiteElo "2198"]
[BlackElo "2662"]
[Result "0-1"]
[Round "04"]
[TimeControl "180+1"]
[Date "2022.02.15"]
[WhiteClock "0:00:11"]
[BlackClock "0:00:07"]

1. e4 c5 2. Nc3 Nc6 3. f4 g6 4. Nf3 Bg7 5. Bb5 Nd4 6. a4 a6 7. Bc4 e6 8. d3 Ne7 9. O-O d5 10. Ba2 O-O 11. f5 exf5 12. exd5 b6 13. Bf4 Bb7 14. d6 Nxf3+ 15. gxf3 Nc8 16. Bd5 Ra7 17. Bxb7 Rxb7 18. Nd5 Nxd6 19. c4 Ne8 20. Re1 Bxb2 21. Rb1 Bd4+ 22. Kh1 Ng7 23. Rxb6 Rxb6 24. Bc7 Qh4 25. Bxb6 Ne6 26. Ba5 Rb8 27. Re2 Nf4 28. Nxf4 Qxf4 29. Qf1 h5 30. Bd2 Qh4 31. Be1 Qd8 32. Bg3 Rb3 33. Qe1 Kg7 34. Qd1 Qb6 35. Qd2 Rb1+ 36. Kg2 Rb2 37. Qe1 Rxe2+ 38. Qxe2 Qb3 39. a5 Qc3 40. Bc7 Kg8 41. f4 Kg7 42. Bd8 Kh7 43. Kg3 Qc1 44. Kg2 Qg1+ 45. Kh3 Kg7 46. Bc7 Bf2 47. Be5+ Kh7 48. Bf6 Qg4+ 49. Qxg4 fxg4+ 50. Kg2 Be1 51. Kf1 Bxa5 52. Ke2 Kg8 53. Be7 Bb6 54. Ke3 f5 55. d4 cxd4+ 56. Kd3 Kf7 57. c5 Kxe7 58. cxb6 Kd6 59. Kxd4 Kc6 60. Ke5 h4 61. Kf6 Kxb6 62. Kxg6 g3 63. Kxf5 gxh2 64. Kg5 h1=Q 0-1


[Site "https://www.chess.com"]

[Event "Titled Tuesday Blitz February 15 Late 2022"]
[White "Mirzoev, Azer"]
[Black "Adury, Anant"]
[WhiteFideId "13400304"]
[BlackFideId "30964687"]
[WhiteElo "2525"]
[BlackElo "2354"]
[Result "1-0"]
[Round "04"]
[TimeControl "180+1"]
[Date "2022.02.16"]
[WhiteClock "0:00:33"]
[BlackClock "0:01:01"]

1. c4 g6 2. Nc3 Bg7 3. d4 d6 4. e4 Nf6 5. f3 O-O 6. Be3 Nc6 7. Nge2 a6 8. Qd2 Na5 9. Nc1 Nd7 10. Be2 c5 11. d5 b5 12. cxb5 Nb6 13. b3 e6 14. dxe6 Qh4+ 15. g3 Qf6 16. exf7+ Kh8 17. Nd1 Qxa1 18. Qxa5 Nd7 19. O-O Bb7 20. Qc7 Bc8 21. b6 Rb8 22. Qxd6 Rxb6 23. Qd2 Qf6 24. f4 Qd6 25. Qxd6 Rxd6 26. e5 Rb6 27. Bc4 Nb8 28. Bxc5 Rc6 29. Bxf8 Bxf8 30. Nd3 Bb7 31. Ne3 Bc5 32. Nxc5 Rxc5 33. Rd1 Rc8 34. e6 Nc6 35. Rd7 Ba8 36. e7 1-0


[Site "https://www.chess.com"]

[Event "Titled Tuesday Blitz February 15 Late 2022"]
[White "Mogranzini, Roberto"]
[Black "Maghsoodloo, Parham"]
[WhiteFideId "810894"]
[BlackFideId "12539929"]
[WhiteElo "2469"]
[BlackElo "2630"]
[Result "0-1"]
[Round "04"]
[TimeControl "180+1"]
[Date "2022.02.16"]
[WhiteClock "0:00:16"]
[BlackClock "0:00:20"]

1. e4 c5 2. Nf3 Nc6 3. Nc3 d6 4. Bb5 Bd7 5. O-O e5 6. d3 Nf6 7. Bg5 Be7 8. Bxf6 Bxf6 9. Nd5 O-O 10. c3 a6 11. Ba4 b5 12. Bc2 Be6 13. Ne3 g6 14. Bb3 Bg7 15. Bd5 Qd7 16. Ng5 Bh6 17. Nxe6 fxe6 18. Qg4 Rae8 19. a4 Bxe3 20. fxe3 Rxf1+ 21. Rxf1 Nd8 22. Bb3 Qc6 23. axb5 axb5 24. Bc2 c4 25. d4 Nf7 26. h4 Qd7 27. h5 Kg7 28. hxg6 hxg6 29. Rd1 Qe7 30. b3 Rc8 31. bxc4 Rxc4 32. Bb3 Rxc3 33. Bxe6 Rxe3 34. Bxf7 Kxf7 35. dxe5 Qxe5 36. Rf1+ Kg7 37. Qd7+ Kh6 38. Qd8 Rxe4 39. Qf8+ Kg5 40. Qc8 Qc5+ 41. Qxc5+ dxc5 42. Rf8 b4 43. Rb8 Re3 44. Kf2 Rc3 45. Rb5 b3 46. Rxb3 Rxb3 0-1


[Site "https://www.chess.com"]

[Event "Titled Tuesday Blitz February 15 Late 2022"]
[White "Moreira, Ronaldo Alonso"]
[Black "Ruiz Aguilar, Pablo Alexander"]
[WhiteFideId "2110547"]
[BlackFideId "4401352"]
[WhiteElo "2037"]
[BlackElo "2125"]
[Result "0-1"]
[Round "04"]
[TimeControl "180+1"]
[Date "2022.02.16"]
[WhiteClock "0:00:02"]
[BlackClock "0:01:07"]

1. d4 d5 2. c4 c6 3. cxd5 cxd5 4. Nc3 Nc6 5. Bf4 Nf6 6. e3 a6 7. Bd3 Bg4 8. Nge2 e6 9. O-O Be7 10. Rc1 O-O 11. f3 Bh5 12. Na4 Nd7 13. Kh1 Bg6 14. Bxg6 hxg6 15. a3 Rc8 16. b4 b5 17. Nc5 Nb6 18. Nxa6 Nc4 19. Nc5 g5 20. Rxc4 dxc4 21. Bg3 Ra8 22. Qc1 Bxc5 23. dxc5 Qd3 24. Nc3 Rxa3 25. Nxb5 Ra2 26. Nd6 c3 0-1


[Site "https://www.chess.com"]

[Event "Titled Tuesday Blitz February 15 Late 2022"]
[White "Moroni, Luca Jr"]
[Black "Wieczorek, Oskar"]
[WhiteFideId "865834"]
[BlackFideId "1133950"]
[WhiteElo "2573"]
[BlackElo "2319"]
[Result "1-0"]
[Round "04"]
[TimeControl "180+1"]
[Date "2022.02.15"]
[WhiteClock "0:00:08"]
[BlackClock "0:00:02"]

1. c4 Nf6 2. Nc3 c5 3. Nf3 Nc6 4. d4 cxd4 5. Nxd4 g6 6. e4 d6 7. Be2 Nxd4 8. Qxd4 Bg7 9. Be3 O-O 10. Qd1 a5 11. O-O Bd7 12. f4 Bc6 13. Bf3 a4 14. Rc1 Qa5 15. Nd5 Nxd5 16. exd5 Bd7 17. Rf2 Rfc8 18. Bg4 Bxg4 19. Qxg4 b5 20. c5 dxc5 21. f5 Qb4 22. Qf3 Bf6 23. fxg6 hxg6 24. Rcf1 Rd8 25. d6 c4 26. dxe7 Qxe7 27. Qxf6 Qxe3 28. Qxf7+ Kh8 29. Qxg6 Rf8 30. Qh5+ Kg7 31. Qg4+ Kh7 32. Qd7+ Kh8 33. Qxb5 Rxf2 34. Rxf2 Rf8 35. Qh5+ Kg7 36. Qg4+ Kh7 37. Qd7+ Kg8 38. Qd5+ Kg7 39. Qd7+ 1-0


[Site "https://www.chess.com"]

[Event "Titled Tuesday Blitz February 15 Late 2022"]
[White "Moskalenko, Alexander"]
[Black "Vidit, Santosh Gujrathi"]
[WhiteFideId "4155351"]
[BlackFideId "5029465"]
[WhiteElo "2515"]
[BlackElo "2654"]
[Result "1-0"]
[Round "04"]
[TimeControl "180+1"]
[Date "2022.02.15"]
[WhiteClock "0:00:19"]
[BlackClock "0:00:01"]

1. Nf3 d5 2. d4 Nf6 3. Bf4 c5 4. e3 e6 5. Nbd2 Qb6 6. c4 Nc6 7. dxc5 Bxc5 8. Bd3 Qxb2 9. O-O O-O 10. cxd5 exd5 11. Nb3 Be7 12. Nbd4 Bg4 13. Rb1 Qxa2 14. h3 Bxf3 15. Qxf3 Nb4 16. Rxb4 Bxb4 17. Be5 Ne4 18. Qg4 g6 19. Nf5 f6 20. Bd4 Kh8 21. Nh4 Kg7 22. Qd7+ Rf7 23. Qg4 Raf8 24. f3 Ng5 25. Qxg5 Qd2 26. Bxg6 Qxd4 27. Nf5+ Kh8 28. Qh5 Qe5 29. Bxf7 Rxf7 30. Qxf7 Qxf5 31. Rc1 b6 32. e4 dxe4 33. Rc7 Bc5+ 34. Kh1 exf3 35. Qe8+ 1-0


[Site "https://www.chess.com"]

[Event "Titled Tuesday Blitz February 15 Late 2022"]
[White "Musovic, Armin"]
[Black "Mikhalsky, Vladimir"]
[WhiteFideId "939935"]
[BlackFideId "14144352"]
[WhiteElo "2250"]
[BlackElo "2248"]
[Result "1-0"]
[Round "04"]
[TimeControl "180+1"]
[Date "2022.02.16"]
[WhiteClock "0:00:54"]
[BlackClock "0:00:09"]

1. a3 e5 2. Nc3 Nf6 3. d4 exd4 4. Qxd4 Nc6 5. Qa4 d5 6. Bg5 Be7 7. O-O-O Bd7 8. Bxf6 Bxf6 9. Nxd5 Bg5+ 10. f4 Bh6 11. Qe4+ Ne7 12. Qxe7+ Qxe7 13. Nxe7 Kxe7 14. g3 Bc6 15. e4 g5 16. fxg5 Bxg5+ 17. Kb1 Rad8 18. Bd3 f5 19. Re1 f4 20. Nh3 Bh6 21. Nxf4 Rhf8 22. Rhf1 Kd6 23. e5+ Kc5 24. Ne6+ Kb6 25. Nxf8 Bxf8 26. e6 Re8 27. Bxh7 Bg7 28. e7 Bh6 29. Bg6 Rh8 30. e8=Q Bxe8 31. Rxe8 1-0


[Site "https://www.chess.com"]

[Event "Titled Tuesday Blitz February 15 Late 2022"]
[White "Namitbir Singh Walia"]
[Black "Burke, Paul"]
[WhiteFideId "35071068"]
[BlackFideId "2605767"]
[WhiteElo "1479"]
[BlackElo "1826"]
[Result "1-0"]
[Round "04"]
[TimeControl "180+1"]
[Date "2022.02.16"]
[WhiteClock "0:01:22"]
[BlackClock "0:00:16"]

1. d4 Nf6 2. c4 c5 3. d5 Ne4 4. g3 Qa5+ 5. Nd2 d6 6. Bg2 Nf6 7. Nf3 g6 8. O-O Bg7 9. e4 O-O 10. Nb3 Qc7 11. Re1 Bg4 12. Bf4 Nbd7 13. h3 Bxf3 14. Qxf3 Ne5 15. Qe2 Rac8 16. Bd2 b6 17. f4 Ned7 18. Bc3 a6 19. a4 e5 20. dxe6 fxe6 21. Rad1 e5 22. Qd2 exf4 23. gxf4 Nh5 24. Qxd6 Bd4+ 25. Rxd4 cxd4 26. Qe6+ Kh8 27. Bxd4+ Ng7 28. Qe7 Nc5 29. Bxg7+ Kg8 30. Bxf8 1-0


[Site "https://www.chess.com"]

[Event "Titled Tuesday Blitz February 15 Late 2022"]
[White "Nepomniachtchi, Ian"]
[Black "Mekhitarian, Krikor Sevag"]
[WhiteFideId "4168119"]
[BlackFideId "2107660"]
[WhiteElo "2740"]
[BlackElo "2598"]
[Result "1/2-1/2"]
[Round "04"]
[TimeControl "180+1"]
[Date "2022.02.15"]
[WhiteClock "0:00:59"]
[BlackClock "0:00:21"]

1. e4 c5 2. Nf3 g6 3. d4 cxd4 4. Nxd4 Nc6 5. c4 Nf6 6. Nc3 d6 7. Be3 Ng4 8. Nxc6 Nxe3 9. Nxd8 Nxd1 10. Rxd1 Kxd8 11. c5 Be6 12. h4 h5 13. g3 Bg7 14. Bh3 Bxh3 15. Rxh3 Rc8 16. Na4 b5 17. cxb6 axb6 18. Nxb6 Rc2 19. Rd2 Rxb2 20. Rxb2 Bxb2 21. Ke2 Bd4 22. Nc4 Kd7 23. Rh2 Ra8 24. Kd3 Bc5 25. f3 Kc6 26. Rb2 e6 27. a3 f6 28. Rb3 d5 29. exd5+ exd5 30. Ne3 Rxa3 31. Rxa3 Bxa3 32. g4 Bc5 33. Ng2 Bd6 34. gxh5 gxh5 35. Ne3 Bb4 36. Nf5 Kd7 37. Ke2 Be7 38. Ng7 f5 39. Nxf5 Bf6 40. Ng3 Bxh4 41. Nxh5 Bg5 42. Kd3 Ke6 1/2-1/2


[Site "https://www.chess.com"]

[Event "Titled Tuesday Blitz February 15 Late 2022"]
[White "Niemann, Hans Moke"]
[Black "Csonka, Balazs"]
[WhiteFideId "2093596"]
[BlackFideId "742910"]
[WhiteElo "2636"]
[BlackElo "2404"]
[Result "1-0"]
[Round "04"]
[TimeControl "180+1"]
[Date "2022.02.15"]
[WhiteClock "0:01:34"]
[BlackClock "0:00:03"]

1. d4 d5 2. Nc3 Nf6 3. Bf4 c5 4. e4 Nxe4 5. Nxe4 dxe4 6. dxc5 Qa5+ 7. c3 Qxc5 8. Qa4+ Nc6 9. Qxe4 Bf5 10. Qa4 Rd8 11. Be3 Qd6 12. Nf3 e5 13. Bb5 Bd7 14. Rd1 Qc7 15. Qe4 Be7 16. O-O O-O 17. Bxc6 Bxc6 18. Qxe5 Bd6 19. Qh5 Bxf3 20. gxf3 a6 21. Kg2 Be5 22. Qf5 g6 23. Qe4 Rde8 24. Qh4 Re6 25. Rd5 Bf6 26. Qg4 Rd8 27. Rfd1 Rxd5 28. Rxd5 Kg7 29. h4 Qc6 30. c4 Bxb2 31. h5 Bf6 32. h6+ Kg8 33. Qf4 Re8 34. Rd6 1-0


[Site "https://www.chess.com"]

[Event "Titled Tuesday Blitz February 15 Late 2022"]
[White "Novikova, Galina"]
[Black "Sadovsky, Artem"]
[WhiteFideId "4157095"]
[BlackFideId "4155840"]
[WhiteElo "1863"]
[BlackElo "2369"]
[Result "1-0"]
[Round "04"]
[TimeControl "180+1"]
[Date "2022.02.16"]
[WhiteClock "0:00:32"]
[BlackClock "0:01:20"]

1. e4 g6 2. d4 Bg7 3. Nc3 c6 4. Be3 d5 5. f3 Nf6 6. e5 Nfd7 7. Qd2 h5 8. O-O-O b5 9. f4 Nb6 10. Nf3 Bg4 11. h3 Bxf3 12. gxf3 e6 13. Rg1 Bf8 14. Bd3 Nc4 15. Qe2 Qc8 16. Bf2 Be7 17. b3 Ba3+ 18. Kb1 a5 19. bxc4 bxc4 20. Bxc4 Qb7+ 21. Bb3 a4 22. f5 axb3 23. cxb3 gxf5 24. Rg7 Bf8 25. Rg2 Nd7 26. Rdg1 Nb6 27. Rg8 Rxg8 28. Rxg8 Nc4 29. Be3 Qb4 30. Bh6 Qxc3 31. Rxf8+ Ke7 32. Rxa8 Qxd4 33. bxc4 Qg1+ 34. Bc1 d4 35. Qb2 1-0


[Site "https://www.chess.com"]